 Dungeon Crawl Stone Soup version 0.28-a0-862-g58c29a6370 (webtiles) character file.

Game seed: 14306503221773197120

8493 Ijustatesigmund the Fighter (level 11, -4/74 HPs)
             Began as a Gargoyle Fighter on Nov 16, 2021.
             Slain by a white ugly thing (43 damage)
             ... on level 12 of the Dungeon.
             The game lasted 00:23:49 (11715 turns).

Ijustatesigmund the Fighter (Gargoyle Fighter)     Turns: 11715, Time: 00:23:49

Health: -4/74      AC: 36    Str: 29    XL:     11   Next: 31%
Magic:  11/11      EV:  8    Int: 12    God:
Gold:   657        SH:  9    Dex: 10    Spells: 10/10 levels left

rFire   . . .      SeeInvis +   F - +10 spear "Murmur" {vamp, Str+6}
rCold   x . .      Faith    .   c - +0 kite shield
rNeg    + . .      Spirit   .   b - +7 chain mail of Monotheism {Harm rC- Str+4}
rPois   ∞          Reflect  .   r - +0 helmet
rElec   +          Harm     +   v - +0 cloak
rCorr   .          Rampage  .   t - +0 pair of gloves {archery}
Will    .....                   f - +1 pair of boots
Stlth   ..........              H - amulet of the acrobat
HPRegen 0.22/turn               m - ring of see invisible
MPRegen 0.12/turn               I - +4 ring of protection

@: no status effects
A: sickness immunity, AC +8, negative energy resistance 1, electricity
resistance, torment resistance 1, petrification resistance
a: no special abilities


You were on level 12 of the Dungeon.
You visited 2 branches of the dungeon, and saw 13 of its levels.

You collected 829 gold pieces.
You spent 172 gold pieces at shops.

Inventory:

Hand Weapons
 a - a +2 flail of protection
 y - a +4 vorpal flail
 F - the +10 spear "Murmur" (weapon) {vamp, Str+6}
   (You took it off a crimson imp on level 9 of the Dungeon)

   It occasionally heals its wielder for a portion of the damage dealt when it
   wounds a living foe.
   Str:       It affects your strength (+6).
Missiles
 e - 2 datura-tipped darts (quivered)
 B - a throwing net
Armour
 b - the +7 chain mail of Monotheism (worn) {Harm rC- Str+4}
   (You found it on level 4 of the Dungeon)

   Str:       It affects your strength (+4).
   rC:        It makes you vulnerable to cold.
   Harm:      It increases damage dealt and taken.
 c - a +0 kite shield (worn)
 f - a +1 pair of boots (worn)
 r - a +0 helmet (worn)
 t - a +0 pair of gloves of archery (worn)
 v - a +0 cloak (worn)
Jewellery
 m - a ring of see invisible (left hand)
 H - an amulet of the acrobat (around neck)
 I - a +4 ring of protection (right hand)
Wands
 w - a wand of iceblast (4)
 z - a wand of acid (25)
 A - a wand of flame (10)
 E - a wand of paralysis (14)
Scrolls
 g - 4 scrolls of magic mapping
 n - 2 scrolls of immolation
 o - 4 scrolls of teleportation
 G - a scroll of blinking
Potions
 d - 3 potions of might
 h - 4 potions of brilliance
 i - 2 potions of heal wounds
 j - 2 potions of flight
 k - 3 potions of cancellation
 l - a potion of attraction
 p - a potion of lignification
 q - 3 potions of mutation
 u - 5 potions of curing
 x - a potion of berserk rage
 C - a potion of resistance
 D - a potion of ambrosia {unknown}


   Skills:
 + Level 11.3 Fighting
 - Level 9.0 Maces & Flails
 + Level 4.6 Polearms
 - Level 7.7 Armour
 - Level 2.9 Dodging
 - Level 6.1 Shields
 - Level 4.0 Evocations


You had 10 spell levels left.
You didn't know any spells.
Your spell library contained the following spells:

 Spells                   Type           Power      Damage    Failure   Level
 Slow                     Hex            0%         N/A       99%         1
 Summon Small Mammal      Summ           0%         N/A       99%         1
 Call Canine Familiar     Summ           0%         N/A       100%        3
 Confusing Touch          Hex            0%         N/A       100%        3
 Portal Projectile        Hex/Tloc       0%         N/A       100%        3
 Summon Guardian Golem    Hex/Summ       0%         N/A       100%        3
 Vampiric Draining        Necr           0%         2d6       100%        3
 Fulminant Prism          Conj/Hex       0%         3d6       100%        4
 Iskenderun's Mystic Bla  Conj/Tloc      0%         2d3       100%        4
 Blade Hands              Tmut           0%         N/A       100%        5
 Excruciating Wounds      Necr           0%         N/A       100%        5
 Lee's Rapid Deconstruct  Erth           0%         3d5*      100%        5


Dungeon Overview and Level Annotations

Branches:
Dungeon (12/15)            Temple (1/1) D:7            Lair (0/6) D:10
    Orc (0/2) D:11

Altars:
Ashenzari
Cheibriados
Dithmenos
Elyvilon
Fedhas
Gozag
Hepliaklqana
Kikubaaqudgha
Makhleb
Nemelex Xobeh
Okawaru
Qazlal
Ru
Sif Muna
Trog
Uskayaw
Vehumet
Wu Jian
Xom
Yredelemnul
Zin
The Shining One

Shops:
D:2 [   D:3 *   D:10 =   D:11 ((((


Innate Abilities, Weirdness & Mutations

You are immune to sickness and miasma.
Your stone body is resilient. (AC +8)
You are immune to poison.
You resist negative energy. (rN+)
You are resistant to electric shocks. (rElec)
You are resistant to unholy torment.
You are immune to petrification.


Message History

There is a stone staircase leading down here.
You pick up a book of Weapons and begin reading...
You add the spells Portal Projectile, Excruciating Wounds and Blade Hands to your library.
A white ugly thing comes into view.
Found a plate armour.
The white ugly thing gurgles horribly!
You puncture the white ugly thing!
The white ugly thing is lightly wounded.
The white ugly thing barely misses you.
You puncture the white ugly thing!
The white ugly thing is moderately wounded.
The white ugly thing completely misses you.
You hit the white ugly thing.
The white ugly thing is heavily wounded.
The white ugly thing bites you but does no damage.
You hit the white ugly thing.
The white ugly thing is heavily wounded.
The white ugly thing bites you but does no damage.
You hit the white ugly thing.
The white ugly thing is heavily wounded.
The white ugly thing bites you but does no damage.
You puncture the white ugly thing!
The white ugly thing is heavily wounded.
The white ugly thing bites you. The white ugly thing freezes you!!
You feel a terrible chill!
You hit the white ugly thing.
The white ugly thing is severely wounded.
The white ugly thing bites you but does no damage.
You barely miss the white ugly thing.
The white ugly thing is severely wounded.
The white ugly thing bites you but does no damage.
You hit the white ugly thing.
The white ugly thing is severely wounded.
The white ugly thing bites you but does no damage.
You hit the white ugly thing but do no damage.
The white ugly thing is severely wounded.
The white ugly thing bites you. The white ugly thing freezes you!!!
You feel a terrible chill!
Ouch! That really hurt!
You die...

....... .....
..... ... ...
#.# #u#
[#####@######
#............#
#######[.....#
#####>.# #..#
#..# #..# #..#
##########..#


You could see a white ugly thing.

Vanquished Creatures
  3 two-headed ogres (D:8)
  Pikel (D:5)
  A cyclops (D:11)
  2 trolls
  Grinder (D:4)
  A hornet (D:9)
  A meliai zombie (D:11)
  2 shadows (D:11)
  A wyvern (D:10)
  A wraith (D:11)
  A basilisk (D:10)
  A steam dragon (D:6)
  Edmund (D:6)
  An acid dragon (D:11)
  A water moccasin (D:5)
  3 orc warriors
  An ice beast (D:6)
  3 sky beasts
  A black bear (D:4)
  3 wolves (D:10)
  5 centaurs
  2 phantoms (D:7)
  2 lemures (D:5)
  2 bullfrogs
  2 gnoll sergeants
  A scorpion (D:6)
  Dowan (D:7)
  A wyvern skeleton (D:6)
  3 killer bees (D:9)
  2 electric eels (D:10)
  5 howler monkeys
  A bullfrog zombie (D:5)
  3 crimson imps (D:9)
  6 hounds
  Crazy Yiuf (D:7)
  3 orc priests
  A centaur skeleton (D:7)
  5 jellies
  A bullfrog skeleton (D:5)
  5 iguanas
  6 orc wizards
  A killer bee zombie (D:5)
  A hound zombie (D:5)
  3 howler monkey zombies
  A howler monkey skeleton (D:5)
  6 gnolls
  4 adders
  3 shadow imps (D:9)
  2 white imps (D:9)
  An ufetubus (D:6)
  An adder skeleton (D:4)
  4 worms
  48 orcs
  4 ball pythons
  3 endoplasms
  4 giant cockroaches
  8 goblins
  4 hobgoblins
  2 jackals (D:1)
  5 quokkas
  8 bats
  2 frilled lizards (D:1)
  6 kobolds
  5 rats
214 creatures vanquished.

Vanquished Creatures (collateral kills)
  Duvessa (D:7)
  A necrophage (D:7)
  3 gnolls (D:7)
  4 orcs
  2 jackals (D:3)
11 creatures vanquished.

Vanquished Creatures (others)
  An orc (D:12)
  A jackal (D:3)
  A rat (D:3)
3 creatures vanquished.

Grand Total: 228 creatures vanquished

Notes
Turn   | Place    | Note
-------+----------+-------------------------------------------
     0 | D:1      | Ijustatesigmund the Gargoyle Fighter began the quest for
                  | the Orb.
     0 | D:1      | Reached XP level 1. HP: 14/14 MP: 1/1
   113 | D:1      | Reached XP level 2. HP: 17/19 MP: 2/2
   538 | D:1      | Found a faded altar of an unknown god.
   977 | D:2      | Reached XP level 3. HP: 24/24 MP: 3/3
  1005 | D:2      | Reached skill level 4 in Fighting
  1243 | D:2      | Found Mihurghau's Antique Armour Shoppe.
  1706 | D:3      | Reached XP level 4. HP: 30/30 MP: 4/4
  2996 | D:3      | Found Rulotea's General Store.
  3578 | D:4      | Reached XP level 5. HP: 34/34 MP: 5/5
  3606 | D:4      | Noticed a lemure
  3606 | D:4      | Noticed a lemure
  3606 | D:4      | Noticed Pikel
  3606 | D:4      | Noticed a lemure
  3606 | D:4      | Noticed a lemure
  3620 | D:5      | Entered Level 5 of the Dungeon
  3620 | D:5      | Noticed a sky beast
  3636 | D:5      | Killed a sky beast
  3637 | D:5      | Reached skill level 5 in Fighting
  3751 | D:5      | Killed a lemure
  3859 | D:5      | Reached XP level 6. HP: 32/40 MP: 4/6
  4438 | D:5      | Found a shadowy altar of Dithmenos.
  4545 | D:5      | Reached XP level 7. HP: 37/45 MP: 4/7
  4624 | D:5      | Reached skill level 6 in Fighting
  4624 | D:5      | Reached skill level 5 in Maces & Flails
  4624 | D:5      | Reached skill level 5 in Armour
  5036 | D:5      | Killed Pikel
  5037 | D:5      | Reached skill level 7 in Fighting
  5037 | D:5      | Reached XP level 8. HP: 50/53 MP: 8/8
  5269 | D:4      | Identified the +7 chain mail of Monotheism {Harm rC- Str+4}
  5345 | D:4      | Noticed Grinder
  5349 | D:4      | Paralysed by Grinder for 7 turns
  5367 | D:4      | Killed Grinder
  5368 | D:4      | Reached skill level 1 in Dodging
  5900 | D:2      | Bought a pair of glowing gloves for 172 gold pieces
  6037 | D:6      | Reached skill level 8 in Fighting
  6062 | D:6      | Reached XP level 9. HP: 57/59 MP: 9/9
  6333 | D:6      | Noticed Edmund
  6344 | D:6      | Killed Edmund
  6345 | D:6      | Reached skill level 1 in Evocations
  6381 | D:6      | Found a burning altar of Makhleb.
  6470 | D:6      | Identified the +1 ring mail of Greed {Str+3}
  7091 | D:7      | Noticed Duvessa
  7097 | D:7      | Killed Duvessa
  7300 | D:7      | Noticed Dowan
  7302 | D:7      | Killed Dowan
  7393 | D:7      | Found a staircase to the Ecumenical Temple.
  7400 | Temple   | Entered the Ecumenical Temple
  7506 | D:7      | Reached skill level 9 in Fighting
  7605 | D:7      | Reached skill level 5 in Shields
  7609 | D:7      | Found a glowing silver altar of Zin.
  7671 | D:7      | Found a sacrificial altar of Ru.
  7766 | D:7      | Found a runed translucent door.
  7767 | D:7      | Noticed Crazy Yiuf
  7774 | D:7      | Killed Crazy Yiuf
  7945 | D:8      | Noticed a two-headed ogre
  7952 | D:8      | Killed a two-headed ogre
  7953 | D:8      | Reached XP level 10. HP: 40/66 MP: 6/10
  8131 | D:8      | Noticed a two-headed ogre
  8145 | D:8      | Killed a two-headed ogre
  8696 | D:8      | Noticed a two-headed ogre
  8700 | D:8      | Killed a two-headed ogre
  8701 | D:8      | Reached skill level 10 in Fighting
  9059 | D:9      | Found a glowing golden altar of the Shining One.
  9128 | D:9      | Identified the +10 spear "Murmur" {vamp, Str+6}
  9526 | D:10     | Entered Level 10 of the Dungeon
  9603 | D:10     | Reached skill level 1 in Polearms
  9673 | D:10     | Reached XP level 11. HP: 73/73 MP: 11/11
  9674 | D:10     | Found a staircase to the Lair.
  9741 | D:10     | Found a blossoming altar of Fedhas.
  9765 | D:10     | Found Rystod's Jewellery Emporium.
  9981 | D:10     | Found a snail-covered altar of Cheibriados.
 10152 | D:10     | Found an ornate altar of the Wu Jian Council.
 10349 | D:11     | Noticed a cyclops
 10358 | D:11     | Killed a cyclops
 10373 | D:11     | Found Ameorr's Weapon Shoppe.
 10417 | D:11     | Found a staircase to the Orcish Mines.
 10536 | D:11     | Found Ryexirhu's Weapon Shop.
 10618 | D:11     | Found Xisurch's Weapon Shop.
 10649 | D:11     | Reached skill level 11 in Fighting
 10754 | D:11     | Found Ocutomud's Weapon Shoppe.
 11704 | D:12     | Noticed a white ugly thing
 11715 | D:12     | Slain by a white ugly thing

Illustrated notes

Levels and vault maps discovered:
D:1:      arrival_zaba_pyramid, layout_basic, basic_ecumenical_altar
D:2:      minmay_wonky_spiral, layout_basic, serial_shops, nicolae_shop_trees,
          kennysheep_another_room
D:3:      kennysheep_big_flooded_room, layout_basic, serial_shops, shop,
          grunt_decor_arrowhead, minmay_liquid_box
D:4:      layout_basic, uniq_pikel, uniq_grinder
D:5:      layout_loops_ring, lemuel_round_altar
D:6:      layout_loops_ring, mainiacjoe_overflow_chevrons, uniq_edmund
D:7:      layout_basic, zin_academy, lemuel_doored_altar,
          minmay_temple_entry_hall, uniq_duvessa, uniq_crazy_yiuf_cottage
D:8:      layout_basic, grunt_decor_mini_mirrors
D:9:      layout_basic, lemuel_tele_altar, minmay_nine_imps
D:10:     layout_small_grid, pdpol_wu_jian_five_deadly_venoms,
          mainiacjoe_overflow_brackets, fedhas_altar_4, erik_lair_island,
          serial_shops, shop, minmay_misc_feat_square, minivault_22
D:11:     layout_irregular_city, hiddenorc2_lemuel, serial_shops,
          shop_fountains, nicolae_shop_statue_plus, nicolae_shop_waterfront,
          nicolae_shop_hallway_plus
D:12:     layout_loops_ring
Temple:   zaba_magenta_temple

Skill      XL: |  1  2  3  4  5  6  7  8  9 10 11 |
---------------+----------------------------------+-----
Fighting       | 4 5 7 8 9 10 11 | 11.3
Maces & Flails | 3 4 5 6 8 9 |  9.0
Armour         | 4 6 7 |  7.7
Dodging        | 2 |  2.9
Evocations     | 3 4 |  4.0
Shields        | 5 6 |  6.1
Polearms       | 2 4 |  4.6

Action                   |  1- 3 |  4- 6 |  7- 9 | 10-12 || total
-------------------------+-------+-------+-------+-------++-------
Melee: Flail             |   134 |   162 |   244 |    64 ||   604
       Spear             |       |       |       |   215 ||   215
Throw: Dart              |       |     3 |     3 |     1 ||     7
Evoke: Wand              |       |       |     8 |     9 ||    17
  Use: Scroll            |     2 |     7 |     3 |     7 ||    19
       Potion            |       |     3 |       |     1 ||     4
Armor: Scale mail        |    70 |    93 |    38 |       ||   201
       Chain mail        |       |       |   109 |   173 ||   282
Dodge: Dodged            |    68 |    76 |    88 |   119 ||   351
Block: Buckler           |    18 |    24 |    46 |    13 ||   101
       Kite shield       |       |       |       |    90 ||    90

Table legend: (Time is in decaauts)
 A = Elapsed time spent in this place.
 B = Non-inter-level travel time spent in this place.
 C = Inter-level travel time spent in this place.
 D = Time resting spent in this place.
 E = Time spent auto-exploring this place.
 F = Levels seen in this place.
 G = Mean time per level.
                   A        B        C        D        E       F      G
               +--------+--------+--------+--------+--------+-----+--------+
         Total |  11850 |  11406 |    444 |   2259 |   7212 |  13 |  911.5 |
       Dungeon |  11766 |  11327 |    439 |   2259 |   7162 |  12 |  980.5 |
        Temple |     83 |     78 |      5 |      0 |     50 |   1 |   83.0 |
               +--------+--------+--------+--------+--------+-----+--------+

Top non-repeatable levels by time:
     D:3: 1711 daAuts
     D:5: 1476 daAuts
    D:11: 1175 daAuts
     D:4: 1138 daAuts
     D:6: 952 daAuts
     D:2: 933 daAuts
     D:8: 893 daAuts
     D:7: 881 daAuts
     D:1: 831 daAuts
    D:10: 803 daAuts
     D:9: 722 daAuts
    D:12: 246 daAuts
  Temple: 83 daAuts
